Map: Frozen Temple

Players

JuicyKlumps

  • Race: Zerg Zerg
  • League: Platinum
  • Spawn Location: 11:00

Fropez - Winner!

  • Race: Protoss Protoss
  • League: Gold
  • Spawn Location: 5:00

VOD

Have the link to the VOD?

Description

Time

  • Played on: Oct. 19, 2016, 11:37 a.m.
  • Length: 11:17
Show
View Real Time Build Order
Export as new Build Order

JuicyKlumps Zerg 

Build Orders: Hatch First 

Get SALT Encoding   

  12  0:04  Drone  
  13  0:09  Drone  
  14  0:18  Overlord  
  14  0:28  Extractor x2  
  14  0:29  Drone  
  14  0:30  Drone  
  16  0:36  Drone  
  17  0:53  Extractor  
  16  0:58  Hatchery  
  16  1:01  Drone  
  16  1:08  Drone  
  17  1:21  Spawning Pool, Drone  
  17  1:26  Drone  
  17  1:31  Drone  
  19  1:40  Overlord  
  19  1:58  Drone  
  20  2:03  Drone  
  21  2:14  Overlord  
  21  2:16  Roach Warren  
  21  2:17  Overlord  
  21  2:18  Queen  
  22  2:29  Queen  
  24  2:39  Extractor  
  23  2:59  Roach x3  
  23  3:00  Roach x2  
  23  3:01  Roach  
  35  3:19  Roach  
  37  3:22  Roach  
  37  3:24  Roach x2  
  43  3:34  Drone  
  43  3:35  Drone  
  45  3:44  Drone  
  45  3:47  Drone x2  
  48  3:54  Spore Crawler x2  
  46  4:02  Spore Crawler  
  45  4:11  Spore Crawler  
  45  4:37  Lair  
  41  5:01  Overlord x3  
  41  5:02  Overlord  
  41  5:13  Overlord  
  41  5:19  Queen  
  43  5:21  Drone  
  43  5:23  Drone  
  43  5:24  Drone  
  43  5:25  Drone x7  
  53  5:29  Ravager  
  53  5:31  Ravager  
  53  5:32  Ravager  
  53  5:33  Ravager  
  56  5:59  Drone  
  56  6:00  Drone x2  
  56  6:02  Extractor, Drone  
  59  6:04  Drone x3  
  62  6:11  Drone  
  63  6:20  Hydralisk Den  
  63  6:21  Zergling x2  
  63  6:22  Zergling x2  
  64  6:31  Zergling x2, Hatchery  
  64  6:32  Zergling x2  
  65  6:37  Drone x2  
  65  6:38  Drone  
  68  6:41  Drone  
  69  6:53  Hydralisk x2  
  71  6:55  Hydralisk  
  75  7:02  Overlord x3  
  75  7:03  Overlord  
  75  7:15  Metabolic Boost  
  75  7:17  Lurker Den  
  75  7:20  Queen x2  
  79  7:25  Hydralisk  
  81  7:31  Drone x3  
  81  7:32  Drone x5  
  81  7:34  Extractor  
  86  7:48  Extractor, Queen  
  86  7:49  Drone x2  
  86  7:50  Drone x3  
  92  7:57  Overseer  
  92  8:00  Hydralisk x2  
  92  8:03  Roach  
  92  8:04  Drone  
  99  8:10  Drone  
  100  8:17  Overlord x2  
  100  8:18  Overlord  
  98  8:33  Extractor  
  98  8:34  Hydralisk x5  
  107  8:49  Drone x2  
  107  8:50  Drone x4  
  107  8:51  Drone x4  
  117  8:59  Zergling x2  
  117  9:00  Zergling x2  
  119  9:03  Hatchery  
  119  9:05  Zergling x2  
  119  9:17  Infestation Pit, Muscular Augments  
  118  9:27  Hydralisk x2  
  118  9:30  Hydralisk  
  118  9:31  Hydralisk  
  123  9:32  Zergling x2  
  123  9:33  Zergling x4  
  123  9:37  Drone  
  106  10:20  Hydralisk x6  
  116  10:22  Hydralisk x2  
  116  10:24  Zergling x6  
Show
View Real Time Build Order
Export as new Build Order

Fropez Protoss - Winner!

Build Orders:  

Get SALT Encoding   

  12  0:03  Probe (Chrono Boost)  
  13  0:13  Probe (Chrono Boost)  
  14  0:18  Pylon  
  14  0:24  Probe (Chrono Boost)  
  15  0:34  Assimilator  
  15  0:37  Probe (Chrono Boost)  
  16  0:47  Probe (Chrono Boost)  
  17  0:50  Gateway  
  17  0:58  Probe (Chrono Boost)  
  18  1:05  Pylon  
  18  1:08  Probe (Chrono Boost)  
  19  1:19  Probe (Chrono Boost)  
  19  1:24  Assimilator  
  20  1:29  Probe (Chrono Boost)  
  21  1:38  Cybernetics Core  
  21  1:40  Probe (Chrono Boost)  
  22  1:47  Pylon  
  22  1:50  Probe (Chrono Boost)  
  24  2:01  Probe (Chrono Boost), Gateway  
  24  2:06  Pylon  
  24  2:12  Probe (Chrono Boost)  
  25  2:19  Stargate  
  25  2:24  Probe (Chrono Boost)  
  26  2:31  Protoss Air Weapons Level 1 (Chrono Boost)  
  26  2:51  Probe  
  27  3:03  Void Ray (Chrono Boost)  
  31  3:06  Probe  
  32  3:14  Pylon  
  32  3:16  Pylon  
  32  3:18  Mothership Core  
  38  3:41  Void Ray (Chrono Boost)  
  38  3:44  Pylon  
  38  3:59  Gateway  
  38  4:02  Probe  
  39  4:15  Probe  
  39  4:46  Void Ray (Chrono Boost)  
  39  5:11  Nexus  
  39  5:15  Probe  
  40  5:21  Nexus  
  40  5:23  Pylon  
  40  5:25  Void Ray (Chrono Boost)  
  40  5:27  Probe  
  45  5:33  Pylon  
  45  5:37  Assimilator  
  45  5:40  Assimilator  
  45  5:55  Warp Gate (Chrono Boost)  
  45  6:02  Void Ray (Chrono Boost)  
  49  6:07  Probe, Stargate  
  49  6:08  Stargate  
  50  6:25  Forge  
  50  6:29  Pylon  
  50  6:51  Void Ray (Chrono Boost)  
  50  6:53  Void Ray (Chrono Boost)  
  58  7:06  Void Ray (Chrono Boost)  
  62  7:09  Probe  
  62  7:15  Probe  
  59  7:44  Photon Cannon  
  59  7:46  Photon Cannon  
  59  7:47  Gateway  
  59  7:50  Probe  
  59  7:51  Probe  
  61  8:00  Pylon  
  61  8:37  Void Ray x2 (Chrono Boost)  
  69  8:53  Photon Cannon  
  69  8:54  Probe  
  70  8:57  Photon Cannon  
  70  9:06  Probe x2  
  72  9:19  Void Ray (Chrono Boost)  
  68  10:25  Void Ray x3 (Chrono Boost)  
Tags
 
Matchup
PvZ
Replay Pack
All Mines
Spawn Locations
Cross Positions
Add a new tag
Caveats
  • Supply blocks, unpowered buildings, or Contaminate may cause inaccurate times.
  • Supply counts are checked every 10 seconds.